 Dungeon Crawl Stone Soup version 0.31-a0-618-g7ca08c1ff9 (webtiles) character file.

Game seed: 14443082327589882139

23208 Newt the Fighter (level 13, -2/90 HPs)
             Began as a Gargoyle Fighter on Aug 22, 2023.
             Was an Initiate of Gozag.
             Slain by a large slime creature (27 damage)
             ... on level 11 of the Dungeon.
             The game lasted 00:16:15 (17398 turns).

Newt the Fighter (Gargoyle Fighter)                Turns: 17398, Time: 00:16:16

Health: -2/90      AC: 19    Str: 40    XL:     13   Next: 5%
Magic:  13/13      EV: 10    Int: 19    God:    Gozag
Gold:   1450       SH: 13    Dex:  8    Spells: 12/12 levels left

rFire   + . .        z - +4 flail "Typeahoj" {freeze, +Blink Fly rPois Str+5 Dex-5}
rCold   + . .        W - +0 kite shield
rNeg    + . .        D - +4 robe of Augmentation {Str+4 Int+4 Dex+4}
rPois   ∞            R - +2 hat "Waloseis" {+Inv rElec}
rElec   +            w - scarf {rC+ rF+}
rCorr   .            j - +0 pair of gloves
SInv    .            (no boots)
Will    .....        T - amulet of reflection
Stlth   +            k - +6 ring of intelligence
HPRegen 0.35/turn    h - +6 ring of strength
MPRegen 0.13/turn

%: reflection
@: flying
A: sickness immunity, AC +9, negative energy resistance 1, electricity
resistance, torment resistance 1, petrification resistance
a: Renounce Religion, Evoke Blink, Evoke Invisibility, Potion Petition, Call
Merchant, Bribe Branch


You were on level 11 of the Dungeon.
You worshipped Gozag.
Gozag was most pleased with you.
You visited 2 branches of the dungeon, and saw 14 of its levels.

You collected 2755 gold pieces.
You spent 522 gold pieces at shops.
You paid 783 gold pieces to Gozag.

Inventory:

Hand Weapons
 a - a +0 flail
 p - a +2 whip of venom
 z - the +4 flail "Typeahoj" (weapon) {freeze, +Blink Fly rPois Str+5 Dex-5}
   (You found it on level 6 of the Dungeon)

   Str+5:     It affects your strength (+5).
   Dex-5:     It affects your dexterity (-5).
   rPois:     It protects you from poison Fly: It grants you flight.
   +Blink:    It lets you blink.
 C - a +0 demon whip of venom
Missiles
 f - 8 boomerangs
 g - 2 throwing nets
Armour
 b - a +0 scale mail
 c - a +0 buckler
 j - a +0 pair of gloves (worn)
 n - a +0 helmet
 w - a scarf of resistance (worn)
 D - the +4 robe of Augmentation (worn) {Str+4 Int+4 Dex+4}
   (You found it on level 8 of the Dungeon)

   Str+4:     It affects your strength (+4).
   Int+4:     It affects your intelligence (+4).
   Dex+4:     It affects your dexterity (+4).
 F - +0 swamp dragon scales
 I - the orb of Subjectivity {mayhem, rC+}
   (You found it on level 9 of the Dungeon)

   rC+:       It protects you from cold.
 R - the +2 hat "Waloseis" (worn) {+Inv rElec}
   (You bought it in a shop on level 11 of the Dungeon)

   rElec:     It insulates you from electricity.
   +Inv:      It lets you turn invisible.
 S - the +2 scale mail of Jiduh {Fly rElec Int+7}
   (You bought it in a shop on level 11 of the Dungeon)

   Int+7:     It affects your intelligence (+7).
   rElec:     It insulates you from electricity.
   Fly:       It grants you flight.
 W - a +0 kite shield (worn)
Jewellery
 h - a +6 ring of strength (right hand)
 k - a +6 ring of intelligence (left hand)
 t - a ring of ice
 x - a ring of magical power
 O - an amulet of magic regeneration
 Q - a +6 ring of intelligence
 T - an amulet of reflection (around neck)
 U - a ring of ice
Wands
 l - a wand of flame (60) (quivered)
 u - a wand of acid (7)
 B - a wand of polymorph (11)
 G - a wand of paralysis (14)
Scrolls
 i - 5 scrolls of vulnerability
 o - 2 scrolls of fog
 q - a scroll of amnesia
 r - 4 scrolls of poison
 s - 2 scrolls of torment
 y - a scroll of immolation
 E - a scroll of blinking
 H - a scroll of teleportation
 K - a scroll of revelation
 M - a scroll of butterflies
 N - 3 scrolls of fear
 P - 2 scrolls of enchant armour
Potions
 d - a potion of might
 e - 3 potions of attraction
 m - a potion of invisibility
 v - 3 potions of mutation
 A - 5 potions of heal wounds
 J - 2 potions of brilliance
 L - a potion of resistance
 V - a potion of curing {unknown}


   Skills:
 - Level 14.0 Fighting
 + Level 13.4 Maces & Flails
 - Level 10.0 Armour
 - Level 6.0 Shields
 - Level 6.0 Evocations


You had 12 spell levels left.
You didn't know any spells.
Your spell library contained the following spells:

 Spells                   Type           Power      Damage    Failure   Level
 Ensorcelled Hibernation  Hex/Ice        0%         N/A       43%         2
 Passwall                 Tmut/Erth      0%         N/A       43%         2
 Frozen Ramparts          Ice            0%         1d1       67%         3
 Gell's Gravitas          Tloc           0%         N/A       67%         3
 Teleport Other           Tloc           0%         N/A       67%         3
 Anguish                  Hex/Necr       0%         N/A       97%         4
 Passage of Golubria      Tloc           0%         N/A       97%         4
 Silence                  Hex/Air        0%         N/A       100%        5
 Summon Forest            Summ/Tloc      0%         N/A       100%        5
 Summon Mana Viper        Hex/Summ       0%         N/A       100%        5
 Dispersal                Tloc           0%         N/A       100%        6
 Summon Cactus Giant      Summ           0%         N/A       100%        6
 Haunt                    Necr/Summ      0%         N/A       100%        7
 Borgnjor's Revivificati  Necr           0%         N/A       100%        8
 Lehudib's Crystal Spear  Conj/Erth      0%         10d2      100%        8
 Death's Door             Necr           0%         N/A       100%        9


Dungeon Overview and Level Annotations

Branches:
Dungeon (13/15)            Temple (1/1) D:4            Lair (0/5) D:9
    Orc (0/2) D:11
 Vaults: D:13-14

Altars:
Ashenzari
Cheibriados
Dithmenos
Elyvilon
Fedhas
Gozag
Hepliaklqana
Kikubaaqudgha
Makhleb
Nemelex Xobeh
Okawaru
Qazlal
Ru
Sif Muna
Trog
Uskayaw
Vehumet
Wu Jian
Xom
Yredelemnul
Zin
The Shining One

Shops:
D:11 [

Annotations:
Temple 2 transporters


Innate Abilities, Weirdness & Mutations

You are immune to sickness and miasma.
Your stone body is resilient. (AC +9)
You are immune to poison.
You resist negative energy. (rN+)
You are resistant to electric shocks. (rElec)
You are resistant to unholy torment.
You are immune to petrification.


Message History

The slime creature is moderately wounded.
Two slime creatures merge to form a very large slime creature.
You block the slime creature's attack.
The slime creature attacks as it pursues you!
You block the slime creature's attack.
There is an open door here.
You bludgeon the slime creature!! You freeze the slime creature.
The slime creature is heavily wounded.
A very large slime creature splits.
You block the slime creature's attack.
You sock the slime creature! You freeze the slime creature.
The slime creature is severely wounded.
You block the slime creature's attack.
You sock the slime creature! You freeze the slime creature.
The slime creature is almost dead.
Two slime creatures merge to form a large slime creature.
A large slime creature splits.
Two slime creatures merge to form a very large slime creature.
A very large slime creature splits.
You block the slime creature's attack.
The large slime creature attacks as it pursues you!
The large slime creature hits you!
The slime creature attacks as it pursues you!
The slime creature hits you!
There is a stone staircase leading up here.
The large slime creature hits you!!
* * * LOW HITPOINT WARNING * * *
You fly upwards.
There is a stone staircase leading down here.
Unknown command.
The slime creature attacks as it pursues you!
The slime creature hits you.
* * * LOW HITPOINT WARNING * * *
The large slime creature attacks as it pursues you!
You block the large slime creature's attack.
The slime creature attacks as it pursues you!
You block the slime creature's attack.
The large slime creature attacks as it pursues you!
The large slime creature hits you!!
You die...
Your body crumbles into a pile of gold.

#..........###....
#..........##.....
########..........##.####
#.................##.#
#........###########.#
#........'......)....#
#........######....###
#........######.##.#
#.......@....#..##.# #
#......JJ###.......### #
#........#.....#.....####
#........>..)........'...
#............#.#.....####
######.#####)#.#.....##..
#.# #.#.#.....##)# #.#
#.......####)# #.#
###.########)#


You could see a large slime creature and a slime creature.

Vanquished Creatures
  Fannar (D:11)
  2 boulder beetles (D:11)
  2 two-headed ogres
  Amaemon (D:8)
  5 skeletal warriors (D:12)
  2 deep elf pyromancers (D:12)
  4 cyclopes
  Maurice (D:8)
  A gargoyle (D:10)
  An orange demon (D:8)
  Maggie (D:8)
  A komodo dragon (D:11)
  3 trolls
  A wolf spider simulacrum (D:12)
  A slime creature (D:11)
  Sigmund (D:2)
  A vampire (D:9)
  A shadow (D:9)
  7 wraiths
  31 yaks
  A wyvern (D:9)
  A steam dragon (D:10)
  An acid dragon (D:10)
  3 water moccasins
  4 black bears
  5 orc warriors
  An ice beast (D:6)
  5 ogres
  2 centaurs
  A phantom (D:4)
  6 kobold brigands
  8 bullfrogs
  7 gnoll sergeants
  A necrophage (D:4)
  A scorpion (D:5)
  14 wights
  12 killer bees
  3 howler monkeys (D:10)
  3 jellies
  A centaur zombie (D:4)
  3 hounds
  A human zombie (D:4)
  9 orc priests
  Ijyb (D:3)
  Natasha (thrice) (D:2)
  4 iguanas
  9 orc wizards
  2 scorpion zombies (D:4)
  A hound zombie (D:4)
  4 mummies (D:4)
  14 gnolls
  7 adders
  A shadow imp (D:7)
  An ufetubus (D:5)
  An adder zombie (D:4)
  A worm (D:3)
  A dart slug (D:1)
  40 orcs
  6 ball pythons
  5 endoplasms
  5 giant cockroaches
  5 goblins
  8 hobgoblins
  7 quokkas
  4 bats
  2 frilled lizards
  20 kobolds
  3 rats
316 creatures vanquished.

Notes
Turn   | Place    | Note
-------+----------+-------------------------------------------
     0 | D:1      | Newt the Gargoyle Fighter began the quest for the Orb.
     0 | D:1      | Reached XP level 1. HP: 14/14 MP: 1/1
   288 | D:1      | Reached skill level 4 in Fighting
   288 | D:1      | Reached XP level 2. HP: 17/20 MP: 2/2
   587 | D:1      | Found a faded altar of an unknown god.
   998 | D:2      | Reached XP level 3. HP: 23/24 MP: 3/3
  1010 | D:2      | Noticed Natasha
  1020 | D:2      | Killed Natasha
  1234 | D:2      | Noticed Natasha
  1244 | D:2      | Killed Natasha
  1245 | D:2      | Reached XP level 4. HP: 23/29 MP: 4/4
  1297 | D:2      | Noticed Natasha
  1304 | D:2      | Killed Natasha
  1376 | D:2      | Reached XP level 5. HP: 23/33 MP: 5/5
  1642 | D:2      | Noticed Sigmund
  1658 | D:2      | Killed Sigmund
  1659 | D:2      | Reached skill level 6 in Fighting
  1659 | D:2      | Reached XP level 6. HP: 26/41 MP: 6/6
  2425 | D:3      | Noticed Ijyb
  2437 | D:3      | Killed Ijyb
  2502 | D:3      | Reached skill level 7 in Fighting
  2502 | D:3      | Reached XP level 7. HP: 46/48 MP: 7/7
  2753 | D:3      | Reached skill level 1 in Evocations
  3275 | D:4      | Found a blossoming altar of Fedhas.
  3484 | D:4      | Found a burning altar of Makhleb.
  3490 | D:4      | Found a staircase to the Ecumenical Temple.
  3504 | D:4      | Got the Dissertation on Topomancy and the Serac
  3507 | Temple   | Found a transporter.
  3507 | Temple   | Found a transporter.
  3507 | Temple   | Found a transporter.
  3507 | Temple   | Found a transporter.
  3507 | Temple   | Entered the Ecumenical Temple
  3523 | Temple   | Became a worshipper of Gozag Ym Sagoz the Greedy
  3796 | D:4      | Found a basalt altar of Yredelemnul.
  3810 | D:4      | Reached XP level 8. HP: 47/53 MP: 8/8
  3873 | D:4      | Reached skill level 5 in Evocations
  4614 | D:5      | Entered Level 5 of the Dungeon
  4982 | D:5      | Reached skill level 5 in Maces & Flails
  5479 | D:6      | Found a broken altar of Ashenzari.
  5818 | D:6      | Reached XP level 9. HP: 41/57 MP: 9/9
  6291 | D:6      | Identified the +4 flail "Typeahoj" {freeze, +Blink Fly
                  | rPois Str+5 Dex-5}
  6622 | D:7      | Reached skill level 5 in Shields
  6706 | D:7      | Found an ancient bone altar of Kikubaaqudgha.
  6787 | D:7      | Reached skill level 5 in Armour
  7636 | D:8      | Noticed an orange demon
  7637 | D:8      | Noticed Amaemon
  7663 | D:8      | Killed Amaemon
  7664 | D:8      | Reached skill level 8 in Fighting
  7664 | D:8      | Reached XP level 10. HP: 38/64 MP: 10/10
  7671 | D:8      | Killed an orange demon
  7672 | D:8      | Reached skill level 9 in Fighting
  7857 | D:8      | Found the +4 robe of Augmentation {Str+4 Int+4 Dex+4}
  7904 | D:8      | Noticed Maggie
  7912 | D:8      | Killed Maggie
  8013 | D:8      | Paralysed by an orc for 2 turns
  8195 | D:8      | Reached skill level 10 in Fighting
  8542 | D:8      | Noticed Maurice
  8549 | D:8      | Paralysed by Maurice for 5 turns
  8558 | D:8      | Killed Maurice
  9176 | D:9      | Identified the orb of Subjectivity {mayhem, rC+}
  9184 | D:9      | Found a sacrificial altar of Ru.
  9945 | D:8      | Reached skill level 10 in Maces & Flails
 10200 | D:9      | Reached XP level 11. HP: 72/72 MP: 11/11
 10279 | D:9      | Found a staircase to the Lair.
 10424 | D:9      | Noticed a two-headed ogre
 10439 | D:9      | Killed a two-headed ogre
 10865 | D:9      | Reached skill level 10 in Armour
 11194 | D:9      | Found an ornate altar of the Wu Jian Council.
 11194 | D:9      | Found a snail-covered altar of Cheibriados.
 11365 | D:10     | Entered Level 10 of the Dungeon
 11817 | D:10     | Reached skill level 11 in Fighting
 12557 | D:10     | Found a shimmering altar of Xom.
 12558 | D:10     | Found a shimmering altar of Xom.
 12558 | D:10     | Found a shimmering altar of Xom.
 12559 | D:10     | Found a shimmering altar of Xom.
 13035 | D:10     | Reached skill level 12 in Fighting
 13373 | D:11     | Noticed a boulder beetle
 13402 | D:11     | Killed a boulder beetle
 13479 | D:11     | Bought a steaming hat for 261 gold pieces
 13479 | D:11     | Identified the +2 hat "Waloseis" {+Inv rElec} (You bought
                  | it in a shop on level 11 of the Dungeon)
 13479 | D:11     | Bought a jewelled scale mail for 261 gold pieces
 13479 | D:11     | Identified the +2 scale mail of Jiduh {Fly rElec Int+7}
                  | (You bought it in a shop on level 11 of the Dungeon)
 13551 | D:11     | Noticed a cyclops
 13559 | D:11     | Killed a cyclops
 13560 | D:11     | Reached XP level 12. HP: 44/82 MP: 12/12
 13809 | D:11     | Noticed a boulder beetle
 13829 | D:11     | Killed a boulder beetle
 13830 | D:11     | Reached skill level 13 in Fighting
 14046 | D:11     | Noticed Fannar
 14058 | D:11     | Killed Fannar
 14171 | D:11     | Found a staircase to the Orcish Mines.
 14707 | D:12     | Reached skill level 14 in Fighting
 16430 | D:12     | Noticed a two-headed ogre
 16452 | D:12     | Killed a two-headed ogre
 17171 | D:12     | Reached XP level 13. HP: 82/90 MP: 13/13
 17398 | D:11     | Slain by a large slime creature

Illustrated notes

Levels and vault maps discovered:
D:1:      dpeg_arrival_oval, layout_basic,
          hellmonk_ecumenical_altar_heavens_door
D:2:      layout_rooms, nicolae_figureground_pulse, uniq_sigmund, uniq_natasha
D:3:      layout_basic, uniq_ijyb
D:4:      layout_loops_ring, bloody_makhleb, lemuel_mausoleum_altar_yredelemnul,
          marbit_many_paths, minmay_temple_entry_offerings
D:5:      layout_basic
D:6:      layout_loops_ring, general_overflow_altar, roderic_lattice_a
D:7:      layout_rooms, mainiacjoe_overflow_small_starburst
D:8:      layout_layer_cave, uniq_maggie, uniq_maurice, uniq_amaemon
D:9:      layout_loops_ring, nicolae_ru_sacrificial_ziggurat,
          gammafunk_temple_overflow_wave, due_lair_maze_entry_diamond
D:10:     layout_basic, xom_redecorated, bh_walls_and_bars
D:11:     layout_basic, kennysheep_orc_monster_closet_entryway, uniq_fannar
D:12:     layout_grid_maze, kennysheep_four_rooms
D:13:     layout_basic, hangedman_vaults_entry_quadrant_bands,
          minmay_misc_feat_tower
Temple:   hellmonk_temple_divided_pantheon

Skill      XL: |  1  2  3  4  5  6  7  8  9 10 11 12 |
---------------+-------------------------------------+-----
Fighting       | 4 6 7 8 10 12 14 | 14.0
Maces & Flails | 3 4 6 7 10 13 | 13.4
Armour         | 4 7 10 | 10.0
Evocations     | 4 6 |  6.0
Shields        | 6 |  6.0

Action                     |  1- 3 |  4- 6 |  7- 9 | 10-12 | 13-15 || total
---------------------------+-------+-------+-------+-------+-------++-------
  Melee: Flail             |    66 |   125 |   136 |   610 |    18 ||   955
         Whip              |       |       |   303 |       |       ||   303
  Throw: Throwing net      |       |       |       |     2 |       ||     2
 Invoke: Call Merchant     |       |       |       |     1 |       ||     1
  Evoke: Wand              |       |       |     5 |    16 |       ||    21
    Use: Scroll            |       |     5 |     5 |    10 |       ||    20
         Potion            |       |       |     2 |     2 |       ||     4
   Stab: Distracted        |       |       |       |     2 |       ||     2
 Armour: Scale mail        |    41 |    87 |   172 |     3 |       ||   303
         Robe              |       |       |       |   212 |     3 ||   215
  Dodge: Dodged            |    19 |    51 |   170 |   218 |     2 ||   460
  Block: Buckler           |    14 |    19 |    61 |    86 |       ||   180
         Kite shield       |       |       |       |    71 |    12 ||    83

Table legend: (Time is in decaauts)
 A = Elapsed time spent in this place.
 B = Non-inter-level travel time spent in this place.
 C = Inter-level travel time spent in this place.
 D = Time resting spent in this place.
 E = Time spent auto-exploring this place.
 F = Levels seen in this place.
 G = Mean time per level.
                   A        B        C        D        E       F      G
               +--------+--------+--------+--------+--------+-----+--------+
         Total |  17393 |  16931 |    462 |   5125 |   9400 |  14 | 1242.4 |
       Dungeon |  17364 |  16910 |    454 |   5125 |   9400 |  13 | 1335.7 |
        Temple |     28 |     20 |      8 |      0 |      0 |   1 |   28.0 |
               +--------+--------+--------+--------+--------+-----+--------+

Top non-repeatable levels by time:
     D:8: 2651 daAuts
    D:12: 2447 daAuts
    D:11: 1773 daAuts
     D:9: 1520 daAuts
    D:10: 1485 daAuts
     D:4: 1377 daAuts
     D:3: 1302 daAuts
     D:6: 1145 daAuts
     D:1: 998 daAuts
     D:2: 952 daAuts
     D:7: 862 daAuts
     D:5: 834 daAuts
  Temple: 28 daAuts
    D:13: 12 daAuts
